 Dungeon Crawl Stone Soup version 0.27.0 (webtiles) character file.

Game seed: 1231246959887830279

90 inmateoo the Insei (level 4, -4/40 HPs)
             Began as a Draconian Transmuter on July 31, 2021.
             Blown up by Ijyb (9 damage)
             ... with a mindburst bolt
             ... on level 3 of the Dungeon.
             The game lasted 00:02:19 (2080 turns).

inmateoo the Insei (Draconian Transmuter)           Turns: 2080, Time: 00:02:20

Health: -4/40      AC:  9    Str: 12    XL:     4   Next: 32%
Magic:  7/7        EV: 12    Int: 14    God:
Gold:   25         SH:  0    Dex: 12    Spells: 4/7 levels left

rFire    . . .     SeeInvis .     - Unarmed
rCold    . . .     Faith    .   (no shield)
rNeg     . . .     Spirit   .   (armour unavailable)
rPois    .         Reflect  .   (helmet restricted)
rElec    .         Harm     .   (no cloak)
rCorr    .         Rampage  .   (no gloves)
Will     .....                  (no boots)
Stlth    +.........             (no amulet)
HPRegen  0.13/turn              a - +4 ring of protection
MPRegen  0.10/turn              (no ring)

@: no status effects
A: AC +5, unfitting armour, cold-blooded
a: no special abilities


You were on level 3 of the Dungeon.
You visited 1 branch of the dungeon, and saw 3 of its levels.

You collected 25 gold pieces.

Inventory:

Jewellery
 a - a +4 ring of protection (left hand)
Scrolls
 b - a scroll of magic mapping


   Skills:
 * Level 3.8 Fighting
 - Level 1.7 Dodging
 + Level 3.8 Unarmed Combat
 - Level 2.0 Spellcasting
 - Level 2.0 Transmutations


You had 4 spell levels left.
You knew the following spells:

 Your Spells              Type           Power      Damage    Failure   Level
a - Beastly Appendage     Tmut           14%        N/A       11%         1
b - Wereblood             Tmut           7%         N/A       16%         2

Your spell library contained the following spells:

 Spells                   Type           Power      Damage    Failure   Level
 Passwall                 Tmut/Erth      3%         N/A       24%         2
 Spider Form              Tmut/Pois      2%         N/A       43%         3
 Gell's Gravitas          Tloc           0%         N/A       56%         3
 Swiftness                Air            1%         N/A       56%         3
 Teleport Other           Tloc           1%         N/A       56%         3
 Ice Form                 Ice/Tmut       4%         N/A       83%         4
 Dispersal                Tloc           0%         N/A       100%        6
 Invisibility             Hex            0%         N/A       100%        6


Dungeon Overview and Level Annotations

Branches:
Dungeon (3/15)

Altars:

Shops:
D:2 !

Annotations:
D:3 Ijyb


Innate Abilities, Weirdness & Mutations

Your plain brown scales are hard. (AC +5)
You cannot fit into any form of body armour.
You are cold-blooded and may be slowed by cold attacks.


Message History

Found 18 arrows.
No target in view!
Found an escape hatch in the floor.
No target in view!
No target in view!
You see here 18 arrows.
Key pressed, stopping explore.
No target in view!
c - a scroll labelled TAIFYW YLIDE You see here 21 stones.
No target in view!
No target in view!
Ijyb the Twisted Goblin comes into view.
She is wielding a +0 dagger and carrying a wand of mindburst (13).
Ijyb shouts!
Ijyb zaps a wand.
Your mind is blasted!
Found 7 gold pieces and a scroll of teleportation.
Found a stone staircase leading down.
Ijyb is nearby!
A hobgoblin comes into view.
The hobgoblin shouts!
Ijyb zaps a wand.
Your mind is blasted!
Found 10 gold pieces and a short sword.
Found a stone staircase leading down.
Unknown command.
Ijyb zaps a wand.
Your mind is blasted!
Ouch! That really hurt!
* * * LOW HITPOINT WARNING * * *
Ijyb screams, "It's all mine!"
You aren't carrying any potions.
Unknown command.
As you read the scroll labelled TAIFYW YLIDE, it crumbles to dust.
The scroll dissolves into smoke.
It was a scroll of fog.
You aren't carrying any potions.
Unknown command.
Casting: Beastly Appendage (safe; 11% risk of failure)
Confirm with . or Enter, or press ? or * to list all spells.
Okay, then.
Okay, then.
You see here 21 stones.
Ijyb zaps a wand.
Your mind is blasted!
You die...

...>.....# .........# .........#
.........# .........# ###
.........# ...# #######.## ....#
#############....#.## ..>..
#§§§§g.@.........#..####
..)..#####§###########...(.......
...g.#...§§# #....##.####
.....g.##### #######.##
.....########### #.(#
..........<....#### ##.#
.....#########....###########.###
..?.. ####...............# .....
#################


You could see Ijyb.

Vanquished Creatures
  3 adders (D:2)
  5 worms (D:2)
  A dart slug (D:1)
  3 orcs (D:2)
  3 bats
  6 endoplasms
  2 goblins (D:1)
  6 hobgoblins
  A quokka (D:1)
  5 ball pythons (D:1)
  2 frilled lizards (D:1)
  3 kobolds
  2 rats
42 creatures vanquished.

Notes
Turn   | Place    | Note
-------+----------+-------------------------------------------
     0 | D:1      | inmateoo the Draconian Transmuter began the quest for the
                  | Orb.
     0 | D:1      | Reached XP level 1. HP: 16/16 MP: 3/3
   163 | D:1      | Found a faded altar of an unknown god.
   480 | D:1      | Reached XP level 2. HP: 24/24 MP: 3/5
   487 | D:1      | Learned a level 2 spell: Wereblood
  1304 | D:2      | Reached XP level 3. HP: 30/30 MP: 4/6
  1624 | D:2      | Reached XP level 4. HP: 37/38 MP: 5/7
  1632 | D:2      | Found Vucakhlalo's Distillery.
  2061 | D:3      | Noticed Ijyb
  2080 | D:3      | Blown up by Ijyb

Illustrated notes

Levels and vault maps discovered:
D:1:      saegor_arrival_simple_b, layout_loops_ring,
          ebering_ecumenical_altar_sacrificial
D:2:      layout_loops_ring, serial_shops, shop
D:3:      layout_rooms, uniq_ijyb

Skill      XL: |  1  2  3 |
---------------+----------+-----
Fighting       | 2 3 |  3.8
Dodging        | |  1.7
Unarmed Combat | |  3.8
Spellcasting   | |  2.0
Transmutations | |  2.0

Action                   |  1- 3 |  4- 6 || total
-------------------------+-------+-------++-------
Melee: Unarmed           |   145 |    36 ||   181
       Kick              |    11 |     4 ||    15
       Tailslap          |    11 |     8 ||    19
       Headbutt          |     8 |       ||     8
       Punch             |     2 |       ||     2
 Cast: Beastly Appendage |    12 |     2 ||    14
       Wereblood         |     1 |       ||     1
  Use: Scroll            |     3 |     2 ||     5
Armor: Skin              |    45 |    20 ||    65
Dodge: Dodged            |    82 |    14 ||    96
